 Dungeon Crawl Stone Soup version 0.30-a0-358-g0d69a1922f (webtiles) character file.

Game seed: 7065405979769302339

85 NinjaNoafa the Conjurer (level 4, 0/12 (33) HPs)
             Began as a Demonspawn Reaver on Nov 9, 2022.
             Was an Initiate of Sif Muna.
             Slain by a goblin
             ... wielding a +0 club
             ... led by Robin
              (3 damage)
             ... on level 3 of the Dungeon.
             The game lasted 00:03:54 (2163 turns).

NinjaNoafa the Conjurer (Demonspawn Reaver)         Turns: 2163, Time: 00:03:55

HP:   0/12 (33)     AC:  6    Str: 13    XL:     4   Next: 25%
MP:   16/16         EV: 11    Int: 14    God:    Sif Muna [......]
Gold: 158           SH:  0    Dex: 13    Spells: 6/7 levels left

rFire   . . .      SeeInvis .    a - +0 falchion
rCold   + . .      Faith    .    (no shield)
rNeg    . . .      Spirit   .    i - +3 leather armour
rPois   .          Reflect  .    (helmet restricted)
rElec   .          Harm     .    (no cloak)
rCorr   .          Rampage  .    (no gloves)
Will    .....                    (no boots)
Stlth   +.........               (no amulet)
HPRegen 0.22/turn                p - ring of magical power
MPRegen 0.15/turn                e - ring of protection from cold

@: extremely drained
A: antennae 2, powered by pain 1
a: Renounce Religion


You were on level 3 of the Dungeon.
You worshipped Sif Muna.
Sif Muna was noncommittal.
You visited 1 branch of the dungeon, and saw 3 of its levels.

You collected 158 gold pieces.

Inventory:

Hand Weapons
 a - a +0 falchion (weapon)
Missiles
 b - 3 poisoned darts
 c - 37 stones
 o - 4 silver javelins (quivered)
Armour
 i - a +3 leather armour (worn)
Jewellery
 e - a ring of protection from cold (right hand)
 p - a ring of magical power (left hand)
Scrolls
 d - 2 scrolls of poison {unknown}
 g - 2 scrolls of magic mapping {unknown}
 h - a scroll of brand weapon {unknown}
 k - a scroll of vulnerability {unknown}
 l - a scroll of amnesia {unknown}
 m - 2 scrolls of enchant armour {unknown}
 n - a scroll of noise {unknown}
 s - a scroll of summoning {unknown}
 t - a scroll of immolation {unknown}
 w - a scroll of teleportation {unknown}
Potions
 f - a potion of haste
 j - a potion of flight
 q - a potion of invisibility
 r - a potion of curing
 u - a potion of mutation {unknown}
 v - a potion of resistance {unknown}
 x - a potion of cancellation {unknown}


   Skills:
 - Level 2.0 Fighting
 - Level 2.6 Long Blades
 - Level 1.7 Dodging
 - Level 2.0 Spellcasting
 + Level 4.2 Conjurations
 - Level 3.0 Necromancy


You had 6 spell levels left.
You knew the following spells:

 Your Spells              Type           Power      Damage    Failure   Level
a - Kiss of Death         Conj/Necr      44%        2d8       7%          1

Your spell library contained the following spells:

 Spells                   Type           Power      Damage    Failure   Level
 Momentum Strike          Conj/Tloc      14%        3d8       19%         2
 Hailstorm                Conj/Ice       7%         3d4       36%         3
 Portal Projectile        Hex/Tloc       2%         N/A       65%         3
 Tukima's Dance           Hex            1%         N/A       65%         3
 Blade Hands              Tmut           0%         N/A       100%        5


Dungeon Overview and Level Annotations

Branches:
Dungeon (3/15)

Altars:
Cheibriados
Sif Muna

Annotations:
D:3 Robin


Innate Abilities, Weirdness & Mutations

You have a pair of antennae on your head.
You sometimes gain a little power by taking damage.


Message History

You open the door.
Found two altars.
Okay, then.
Found 16 gold pieces.
There is an open door here.
There is a shimmering blue altar of Sif Muna here.
You kneel at the altar of Sif Muna.
Sif Muna welcomes you!
Unknown command.
Press < or > to pray at altars.
You now have 158 gold pieces (gained 16).
There is an open door here.
Found a stone staircase leading down.
x - a black potion
Items here: ))) รท.
There is a stone staircase leading up here.
Done exploring.
Done exploring.
Done exploring.
(D) Dungeon
Where to? (Enter - D:3, ? - help)
A goblin and a hobgoblin come into view.
The goblin is wielding a +1 dagger of holy wrath.
The goblin shouts!
The hobgoblin shouts! x2
A goblin comes into view. It is wielding a +0 club.
You hear a shout!
Robin shouts!
The goblin shouts! x2
Robin roars a battlecry!
The goblins go into a battle-frenzy!
A goblin comes into view. It is wielding a +0 club.
The goblin shouts!
Robin throws the goblin at you!
The goblin hits you with a +1 dagger of holy wrath.
You convulse.
The hobgoblin barely misses you. The goblin barely misses you.
You barely miss the goblin.
The goblin hits you with a +1 dagger of holy wrath.
You convulse.
* * * LOW HITPOINT WARNING * * *
The goblin hits you with a +0 club.
You die...

##........#........##......
#..................##......
#......g...................
#....g.g...................
#..........##..............
#......g...##......##......
##........##.......##......
#...>.....g#.......##......
#.......gg@....<...##......
#..........g#......#...<...
#..........##......#.......
#..........##........#.....
##......).#####....#.......
##......## #...#........
####.########...#.#...)..
#.####.......<.#......
#......###..###.......


You could see Robin, 2 hobgoblins and 5 goblins.

Vanquished Creatures
  4 adders
  A dart slug (D:2)
  3 worms
  2 orcs (D:3)
  2 ball pythons (D:2)
  5 endoplasms
  3 goblins (D:3)
  2 hobgoblins (D:3)
  3 quokkas (D:2)
  4 bats
  A frilled lizard (D:3)
  6 kobolds
  3 rats (D:2)
39 creatures vanquished.

Notes
Turn   | Place    | Note
-------+----------+-------------------------------------------
     0 | D:1      | NinjaNoafa the Demonspawn Reaver began the quest for the
                  | Orb.
     0 | D:1      | Reached XP level 1. HP: 16/16 MP: 3/3
   523 | D:1      | Reached skill level 1 in Necromancy
   669 | D:2      | Gained mutation: You have a pair of small antennae on your
                  | head. [demonic ancestry]
   669 | D:2      | Reached XP level 2. HP: 22/22 MP: 5/5
   996 | D:2      | Gained mutation: You sometimes gain a little power by
                  | taking damage. [demonic ancestry]
   996 | D:2      | Reached XP level 3. HP: 26/27 MP: 6/6
  1757 | D:3      | Reached skill level 4 in Conjurations
  1777 | D:3      | Noticed Robin
  1852 | D:3      | Gained mutation: You have a pair of antennae on your head.
                  | [demonic ancestry]
  1852 | D:3      | Reached XP level 4. HP: 11/12 MP: 7/7
  2029 | D:3      | Found a snail-covered altar of Cheibriados.
  2029 | D:3      | Found a shimmering blue altar of Sif Muna.
  2037 | D:3      | Became a worshipper of Sif Muna the Loreminder
  2163 | D:3      | Slain by a goblin

Illustrated notes

Levels and vault maps discovered:
D:1:      psy_arrival_statuary, layout_loops_ring
D:2:      layout_loops_ring
D:3:      layout_rooms, gammafunk_temple_overflow_pools, uniq_robin

Skill      XL: |  1  2  3  4 |
---------------+-------------+-----
Necromancy     | 1 2 3 |  3.0
Conjurations   | 4 |  4.2
Fighting       | |  2.0
Long Blades    | |  2.6
Dodging        | |  1.7
Spellcasting   | |  2.0

Action                   |  1- 3 |  4- 6 || total
-------------------------+-------+-------++-------
Melee: Falchion          |   113 |    10 ||   123
 Cast: Kiss of Death     |     7 |       ||     7
  Use: Scroll            |     4 |       ||     4
 Stab: Sleeping          |     1 |       ||     1
Armor: Leather armour    |    55 |     3 ||    58
Dodge: Dodged            |    76 |     6 ||    82

Table legend: (Time is in decaauts)
 A = Elapsed time spent in this place.
 B = Non-inter-level travel time spent in this place.
 C = Inter-level travel time spent in this place.
 D = Time resting spent in this place.
 E = Time spent auto-exploring this place.
 F = Levels seen in this place.
 G = Mean time per level.
                   A        B        C        D        E       F      G
               +--------+--------+--------+--------+--------+-----+--------+
         Total |   2183 |   2117 |     66 |      0 |   1720 |   3 |  727.7 |
       Dungeon |   2183 |   2117 |     66 |      0 |   1720 |   3 |  727.7 |
               +--------+--------+--------+--------+--------+-----+--------+

Top non-repeatable levels by time:
     D:2: 845 daAuts
     D:3: 670 daAuts
     D:1: 667 daAuts
